 Dungeon Crawl Stone Soup version 0.24.0-37-gcf1ca852f1 (webtiles) character file.

Game seed: 807960710682087447, levelgen mode: deterministic

409 Mrkan the Skirmisher (level 6, -8/39 HPs)
             Began as a Gargoyle Fighter on Nov 25, 2019.
             Killed by divine providence
             ... invoked by an orc priest
              (11 damage)
             ... on level 4 of the Dungeon.
             The game lasted 00:04:46 (2658 turns).

Mrkan the Skirmisher (Gargoyle Fighter)             Turns: 2658, Time: 00:04:46

Health: -8/39      AC: 17    Str: 20    XL:     6   Next: 89%
Magic:  6/6        EV:  4    Int:  8    God:
Gold:   118        SH:  9    Dex: 11    Spells: 5/5 levels left

rFire    . . .     SeeInvis .   r - +3 mace
rCold    . . .     Gourm    .   c - +0 shield
rNeg     + . .     Faith    .   z - +0 plate armour (curse)
rPois    ∞         Spirit   .   (no helmet)
rElec    +         Reflect  .   A - +0 cloak
rCorr    .         Harm     .   (no gloves)
MR       .....                  (no boots)
Stlth    ..........             (no amulet)
HPRegen  0.13/turn              (no ring)
MPRegen  0.10/turn              (no ring)

@: no status effects
A: negative energy resistance 1, electricity resistance, unbreathing,
petrification resistance, rot immunity, AC +4
a: no special abilities


You were on level 4 of the Dungeon.
You were not hungry.

You visited 1 branch of the dungeon, and saw 4 of its levels.

You collected 118 gold pieces.

Inventory:

Hand Weapons
 a - a +0 flail
 r - a +3 mace (weapon)
 s - a +0 morningstar
Armour
 c - a +0 shield (worn)
 z - a cursed +0 plate armour (worn)
 A - a +0 cloak (worn)
Jewellery
 e - an uncursed ring of flight {unknown}
 j - a cursed -3 ring of dexterity {unknown}
 l - an uncursed ring of wizardry {unknown}
 m - a +3 ring of evasion {unknown}
 q - an uncursed ring of magical power {unknown}
 x - an uncursed ring of ice {unknown}
Scrolls
 g - a scroll of remove curse {unknown}
 k - 8 scrolls of amnesia {unknown}
 n - a scroll of identify {unknown}
 o - 2 scrolls of teleportation {unknown}
 v - a scroll of magic mapping {unknown}
 y - a scroll of enchant weapon {unknown}
Potions
 b - a potion of berserk rage {unknown}
 d - 2 potions of might
 h - a potion of haste {unknown}
 i - a potion of curing {unknown}
 p - 2 potions of heal wounds {unknown}
 t - a potion of degeneration {unknown}
 u - a potion of mutation {unknown}
 w - a potion of agility {unknown}
Comestibles
 f - 9 rations


   Skills:
 + Level 4.7 Fighting
 * Level 4.6 Maces & Flails
 + Level 4.7 Armour
 + Level 4.6 Shields


You had 5 spell levels left.
You didn't know any spells.
Your spell library was empty.

Dungeon Overview and Level Annotations

Branches:
Dungeon (4/15)
 Temple: D:4-7

Altars:
Sif Muna
Uskayaw
Vehumet

Annotations:
D:4 Ijyb


Innate Abilities, Weirdness & Mutations

You are resistant to torment.
Your stone body is resilient. (AC +4)
You are immune to poison.
You resist negative energy. (rN+)
You are resistant to electric shocks. (rElec)
You can survive without breathing.
You are immune to petrification.
You are immune to rotting.


Message History

You open the door. 2 orc priests, an orc wizard and Ijyb come into view.
The orc priest shouts! x2; The orc wizard shouts!
Ijyb zaps a wand.
You resist with some effort.
Found a ration.
Found an escape hatch in the floor.
The orc priest calls down the wrath of Beogh upon you.
Pain shoots through your body!
The orc priest invokes the aid of Beogh against you.
Beogh smites you!
The orc priest invokes the aid of Beogh against you.
Beogh smites you!
* * * LOW HITPOINT WARNING * * *
The orc priest invokes the aid of Beogh against you.
Beogh smites you!
* * * LOW HITPOINT WARNING * * *
The orc wizard casts a spell.
The orc wizard seems to speed up.
The orc priest calls down the wrath of Beogh upon you.
Beogh smites you!
You die...

..... ##.#...#
......####...#.########
.>...o'go....o.........
......####...#.########
..... ##.##.# ....
####o# ..% #.# #+# #
#.# #.# .. #@# #.###.#
#.# ##..... ..# ##...##
#### #.....# †....#
###.## #.# #.#


You could see 2 orc priests.

Vanquished Creatures
  An ice beast (D:4)
  An ogre (D:3)
  A scorpion (D:4)
  A hound (D:4)
  An orc priest (D:3)
  4 adders
  A gnoll (D:1)
  An ooze (D:1)
  3 worms (D:2)
  2 leopard geckos
  4 orcs
  7 bats
  5 giant cockroaches
  6 goblins
  5 hobgoblins
  A quokka (D:3)
  8 frilled lizards
  11 kobolds
  8 rats
71 creatures vanquished.

Vanquished Creatures (others)
  4 toadstools (D:1)
4 creatures vanquished.

Grand Total: 75 creatures vanquished

Notes
Turn   | Place    | Note
-------+----------+-------------------------------------------
     0 | D:1      | Mrkan the Gargoyle Fighter began the quest for the Orb.
     0 | D:1      | Reached XP level 1. HP: 14/14 MP: 1/1
    81 | D:1      | Reached XP level 2. HP: 17/19 MP: 2/2
   619 | D:1      | Reached XP level 3. HP: 23/23 MP: 3/3
   899 | D:2      | Found a radiant altar of Vehumet.
  1021 | D:2      | Reached XP level 4. HP: 28/29 MP: 4/4
  1450 | D:3      | Noticed an ogre
  1457 | D:3      | Killed an ogre
  1457 | D:3      | Reached XP level 5. HP: 11/33 MP: 5/5
  1827 | D:3      | Reached XP level 6. HP: 27/38 MP: 6/6
  1859 | D:3      | Found a hide-covered altar of Uskayaw.
  2179 | D:3      | Found a shimmering blue altar of Sif Muna.
  2253 | D:4      | Noticed an ice beast
  2272 | D:4      | Killed an ice beast
  2645 | D:4      | Noticed Ijyb
  2658 | D:4      | Killed from afar by an orc priest

Levels and vault maps discovered:
D:1:      ldierk_water_garden, layout_basic, minmay_pentomino_o2
D:2:      layout_basic, overflow_temple_1_default
D:3:      layout_rooms, eat_drink_and_be_merry_uskayaw,
          lemuel_coloured_pillars_altar
D:4:      layout_loops_corners, lemuel_doored_altar,
          minmay_temple_entry_statues, gammafunk_ghost_necromancy, uniq_ijyb

Skill      XL: |  1  2  3  4  5 |
---------------+----------------+-----
Maces & Flails | 3 4 |  4.6
Fighting       | 4 |  4.7
Armour         | 4 |  4.7
Shields        | 4 |  4.6

Action                   |  1- 3 |  4- 6 || total
-------------------------+-------+-------++-------
Melee: Flail             |   134 |    79 ||   213
       Mace              |       |    82 ||    82
  Eat: Chunk             |     1 |     5 ||     6
Armor: Scale mail        |    94 |    91 ||   185
       Plate armour      |       |    12 ||    12
Dodge: Dodged            |    55 |    46 ||   101
Block: Shield            |    69 |    94 ||   163
